 Dungeon Crawl Stone Soup version 0.29-a0-92-gee772dd00f (webtiles) character file.

Game seed: 12164579075814454337

46 drugrobin the Poker (level 3, -1/29 HPs)
             Began as a Demigod Warper on Feb 10, 2022.
             Succumbed to a goblin's poison
             ... on level 2 of the Dungeon.
             The game lasted 00:03:22 (1503 turns).

drugrobin the Poker (Demigod Warper)                Turns: 1503, Time: 00:03:22

Health: -1/29      AC:  3    Str: 16    XL:     3   Next: 27%
Magic:  8/8        EV: 11    Int: 15    God:
Gold:   62         SH:  0    Dex: 13    Spells: 0/5 levels left

rFire   . . .      SeeInvis .   a - +0 spear
rCold   . . .      Faith    .   (no shield)
rNeg    . . .      Spirit   .   b - +0 leather armour
rPois   .          Reflect  .   (no helmet)
rElec   .          Harm     .   (no cloak)
rCorr   .          Rampage  .   (no gloves)
Will    .....                   (no boots)
Stlth   +.........              (no amulet)
HPRegen 0.09/turn               (no ring)
MPRegen 0.11/turn               (no ring)

@: lethally poisoned (-1 -> -22)
A: high MP 1, forlorn, divine attributes
a: no special abilities


You were on level 2 of the Dungeon.
You visited 1 branch of the dungeon, and saw 2 of its levels.

You collected 62 gold pieces.

Inventory:

Hand Weapons
 a - a +0 spear (weapon)
Missiles
 d - 5 boomerangs of dispersal
 f - 22 bolts
 n - 3 poisoned darts (quivered)
Armour
 b - a +0 leather armour (worn)
Wands
 l - a wand of iceblast (10)
Scrolls
 c - a scroll of blinking
 e - a scroll of immolation {unknown}
 g - a scroll of enchant armour {unknown}
 h - a scroll of teleportation {unknown}
 j - a scroll of fog {unknown}
Potions
 i - a potion of curing {unknown}
 k - a potion of attraction {unknown}
 m - a potion of degeneration {unknown}


   Skills:
 - Level 1.7 Fighting
 * Level 3.5 Polearms
 - Level 0.8 Throwing
 - Level 0.8 Armour
 - Level 1.7 Dodging
 - Level 1.7 Spellcasting
 + Level 2.6 Translocations


You couldn't memorise any spells.
You knew the following spells:

 Your Spells              Type           Power      Damage    Failure   Level
a - Blink                 Tloc           18%        N/A       14%         2
b - Teleport Other        Tloc           9%         N/A       28%         3

Your spell library contained the following spells:

 Spells                   Type           Power      Damage    Failure   Level
 Gell's Gravitas          Tloc           9%         N/A       28%         3
 Lesser Beckoning         Tloc           9%         N/A       28%         3
 Manifold Assault         Tloc           9%         N/A       95%         5


Dungeon Overview and Level Annotations

Branches:
Dungeon (2/15)


Innate Abilities, Weirdness & Mutations

You have an increased reservoir of magic. (+10% MP)
You shall have no god before yourself.
Your divine heritage dramatically boosts your attributes as you level up.


Message History

The hobgoblin is almost dead.
The hobgoblin closely misses you.
You hit the hobgoblin.
You kill the hobgoblin!
You see here a hobgoblin corpse.
This spell is extremely dangerous to cast!
Memorise Teleport Other, consuming 3 spell levels and leaving 0?
You start memorising the spell.
You continue memorising. x3
You finish memorising.
Spell assigned to 'b'.
A goblin comes into view.
It is wielding a +2 whip of venom and quivering poisoned darts.
A goblin is nearby!
The goblin shouts!
A goblin comes into view. It is wielding a +0 dagger.
The goblin shouts!
The goblin throws a poisoned dart.
The poisoned dart misses you.
You see here a hobgoblin corpse.
The goblin throws a poisoned dart.
The poisoned dart hits you!
You are poisoned.
You feel very sick.
You feel sick.
You feel sick.
You feel sick.
You hit the goblin.
You kill the goblin!
You feel sick.
Things that are here:
a +0 dagger; a goblin corpse You feel sick.
The goblin closely misses you.
You barely miss the goblin.
You feel sick.
You barely miss the goblin.
You feel sick.
You are no longer poisoned.
The goblin hits you with a +2 whip of venom.
You are lethally poisoned!
You barely miss the goblin.
You feel very sick.
The goblin hits you with a +2 whip of venom.
* * * LOW HITPOINT WARNING * * *
You are more poisoned.
You hit the goblin but do no damage.
You die...

#..###.###.# ..
#..#>....#.# ##
###..#.....#.#
#.#....#.......#
#............###
###.##.#........
#. #.###.#####
#)# #.# #@# .#
#g# .# #.# #.#
#...# ≈..≈≈≈#
..≈≈.≈.≈..
#...≈.≈≈≈#≈≈
#..≈.♣...≈.≈#


You could see a goblin.

Vanquished Creatures
  An adder (D:2)
  A dart slug (D:2)
  4 bats (D:1)
  3 endoplasms
  2 giant cockroaches
  6 goblins
  4 hobgoblins (D:2)
  2 quokkas
  3 ball pythons
  3 frilled lizards (D:1)
  2 kobolds (D:1)
  2 rats
33 creatures vanquished.

Notes
Turn   | Place    | Note
-------+----------+-------------------------------------------
     0 | D:1      | drugrobin the Demigod Warper began the quest for the Orb.
     0 | D:1      | Reached XP level 1. HP: 17/17 MP: 5/5
    93 | D:1      | Reached skill level 2 in Polearms
   323 | D:1      | Reached XP level 2. HP: 19/24 MP: 7/7
   585 | D:1      | Reached skill level 3 in Polearms
   904 | D:1      | Learned a level 2 spell: Blink
  1177 | D:2      | Reached XP level 3. HP: 25/29 MP: 8/8
  1477 | D:2      | Learned a level 3 spell: Teleport Other
  1503 | D:2      | Succumbed to a goblin's poison

Illustrated notes

Levels and vault maps discovered:
D:1:      saegor_arrival_simple_a, layout_loops_ring,
          shapermc_ecumenical_altar_pompeii, minmay_crystal_water, minivault_4
D:2:      layout_loops_ring, chequers_serial_rivers_marsh

Skill      XL: |  1  2 |
---------------+-------+-----
Polearms       | 2 3 |  3.5
Fighting       | |  1.7
Throwing       | |  0.8
Armour         | |  0.8
Dodging        | |  1.7
Spellcasting   | |  1.7
Translocations | |  2.6

Action                   || total
-------------------------++-------
Melee: Spear             ||   115
       Punch             ||     1
Armor: Leather armour    ||    26
Dodge: Dodged            ||    64

Table legend: (Time is in decaauts)
 A = Elapsed time spent in this place.
 B = Non-inter-level travel time spent in this place.
 C = Inter-level travel time spent in this place.
 D = Time resting spent in this place.
 E = Time spent auto-exploring this place.
 F = Levels seen in this place.
 G = Mean time per level.
                   A        B        C        D        E       F      G
               +--------+--------+--------+--------+--------+-----+--------+
         Total |   1499 |   1471 |     28 |    103 |   1032 |   2 |  749.5 |
       Dungeon |   1499 |   1471 |     28 |    103 |   1032 |   2 |  749.5 |
               +--------+--------+--------+--------+--------+-----+--------+

Top non-repeatable levels by time:
     D:1: 932 daAuts
     D:2: 566 daAuts
